 Dungeon Crawl Stone Soup version 0.30-a0-575-g6f4a10e2d2 (webtiles) character file.

Game seed: 7270741719349852913

212 M4edhros the Charlatan (level 5, -10/34 HPs)
             Began as an Octopode Artificer on Dec 30, 2022.
             Mangled by a gnoll sergeant
             ... wielding the +10 trident "Kakoungu" {elec, rC+++ Str-2 Int+6}
              (22 damage)
             ... on level 4 of the Dungeon.
             The game lasted 00:03:31 (1171 turns).

M4edhros the Charlatan (Octopode Artificer)         Turns: 1171, Time: 00:03:32

Health: -10/34     AC:  1    Str: 10 (12) XL:     5   Next: 90%
Magic:  5/5        EV: 13    Int: 12 (13) God:
Gold:   80         SH:  0    Dex: 11 (14) Spells: 4/4 levels left

rFire   x . .      SeeInvis .    i - +1 dagger (elec)
rCold   . . .      Faith    .    (no shield)
rNeg    . . .      Spirit   .    (helmet restricted)
rPois   .          Reflect  .    (no amulet)
rElec   .          Harm     .    (no ring)
rCorr   .          Rampage  .    (no ring)
Will    .....                    (no ring)
Stlth   +++                      (no ring)
HPRegen 0.25/turn                (no ring)
MPRegen 0.09/turn                (no ring)
                                 (no ring)
                                 (no ring)

@: flying, unable to read
A: almost no armour, amphibious, 8 rings, camouflage 1, gelatinous body 1,
(nimble swimmer 1), tentacles, tentacle spike 2, heat vulnerability 1, inability
to read after injury 1
a: no special abilities


You were on level 4 of the Dungeon.
You visited 1 branch of the dungeon, and saw 4 of its levels.

You collected 80 gold pieces.

Inventory:

Hand Weapons
 i - a +1 dagger of electrocution (weapon)
 p - a +0 spear of electrocution
Missiles
 m - a throwing net
 n - 8 poisoned darts
Jewellery
 a - a ring of see invisible
Wands
 b - a wand of flame (12) (quivered)
 c - a wand of charming (9)
 d - a wand of iceblast (5)
 k - a wand of polymorph (5)
Scrolls
 e - a scroll of poison
 f - a scroll of enchant armour
 g - a scroll of magic mapping
 h - a scroll of amnesia
Potions
 j - a potion of curing


   Skills:
 + Level 2.3 Fighting
 * Level 2.7 Short Blades
 + Level 3.2 Dodging
 + Level 3.3 Stealth
 - Level 0.8 Unarmed Combat
 + Level 4.1 Evocations


You had 4 spell levels left.
You didn't know any spells.
Your spell library was empty.

Dungeon Overview and Level Annotations

Branches:
Dungeon (4/15)
 Temple: D:4-7

Altars:
Cheibriados

Annotations:
D:4 1 transporter, crabbyslav's ghost, novice DrWr


Innate Abilities, Weirdness & Mutations

You cannot wear most types of armour.
You are amphibious.
You can wear up to eight rings at the same time.
Your skin changes colour to match your surroundings (Stealth+).
Your rubbery body absorbs attacks. (AC +1, EV +1)
((You are camouflaged when in or above water. (Stealth+)))
You have tentacles for arms and can constrict up to eight enemies at once.
One of your tentacles bears a nasty spike.
You are vulnerable to heat. (rF-)
You occasionally lose the ability to read scrolls when taking damage.


Message History

Press: ? - help, Shift-Dir - straight line, f - crabbyslav's ghost
Aim: crabbyslav's ghost (chance to affect: 36%) Crabbyslav's ghost is charmed.
The gnoll attacks as you move away! The gnoll barely misses you.
Crabbyslav's ghost hits the gnoll.
You barely miss the gnoll. You grab the gnoll.
You pierce the gnoll.
You squeeze the gnoll.
You kill the gnoll!
Okay, then.
What are your orders? t - Shout!
Orders for allies: a - Attack new target. p - Attack previous target. r - Retreat! s - Stop attacking. g - Guard the area. f - Follow me.
Anything else - Cancel.
Guard this area!
Crabbyslav's ghost hits the gnoll sergeant!
Aiming: Throw Flame
Press: ? - help, Shift-Dir - straight line, f - gnoll sergeant, p - crabbyslav's ghost
Aim: a gnoll sergeant, wielding the +10 trident "Kakoungu" {elec, rC+++ Str-2 Int+6}, wearing a +0 ring mail and wearing a +1 kite shield (moderately wounded, ally target, 83% to hit)
The gnoll sergeant blocks the puff of flame.
Crabbyslav's ghost gestures at the gnoll sergeant while chanting.
The gnoll sergeant looks slightly unstable.
The gnoll sergeant closely misses you.
Aiming: Throw Flame
Press: ? - help, Shift-Dir - straight line, f - gnoll sergeant, p - crabbyslav's ghost
Aim: a gnoll sergeant, wielding the +10 trident "Kakoungu" {elec, rC+++ Str-2 Int+6}, wearing a +0 ring mail and wearing a +1 kite shield (moderately wounded, ally target, about to teleport, 83% to hit)
The puff of flame hits the gnoll sergeant.
The gnoll sergeant is heavily wounded.
Crabbyslav's ghost hits the gnoll sergeant but does no damage.
The gnoll sergeant barely misses you.
Aiming: Throw Flame
Press: ? - help, Shift-Dir - straight line, f - gnoll sergeant, p - crabbyslav's ghost
Aim: a gnoll sergeant, wielding the +10 trident "Kakoungu" {elec, rC+++ Str-2 Int+6}, wearing a +0 ring mail and wearing a +1 kite shield (heavily wounded, ally target, about to teleport, 83% to hit)
The puff of flame misses the gnoll sergeant.
The gnoll sergeant blocks crabbyslav's ghost's attack.
The gnoll sergeant hits you from afar with the +10 trident "Kakoungu" {elec, rC+++ Str-2 Int+6}!!
You feel threatened and lose the ability to read scrolls!
Ouch! That really hurt!
You die...

##.[.............###≈≈...###.
8#.##'###'######.#8.≈≈.......
##.#P..#..8#..$#.##.≈≈...###.
#..')†)..©⌠#:..'..#.~~.#.# #..
##.#P.P#P.8#?.$#.##.≈≈.#.# #.#
8#.##'###+######)#8.≈≈.# . ...
##.............Wg###≈≈.# ###.#
...###©#####.###)..#≈≈.# #.#
...#.###.©.###.#@..#≈≈.# #.#
####...........#####≈≈.# #.#
≈≈≈≈≈≈≈≈...≈≈≈≈≈≈≈≈≈≈≈.## #<#
≈≈≈≈≈≈≈≈...≈≈≈≈≈≈≈≈≈≈≈..# #.#
........................####.#
##...#.########.#........))..#
###..... ...###>###.######
####### ##. ... #.# #### #.#


You could see a gnoll sergeant (ally target, teleporting) and the friendly
crabbyslav's ghost (charmed).

Vanquished Creatures
  A scorpion (D:4)
  Terence (D:3)
  An orc wizard (D:4)
  3 gnolls (D:4)
  A worm (D:3)
  A dart slug (D:3)
  4 orcs
  2 endoplasms (D:3)
  4 giant cockroaches
  3 goblins
  A quokka (D:2)
  A ball python (D:3)
  2 bats (D:2)
  2 frilled lizards (D:2)
  7 kobolds
  4 rats
38 creatures vanquished.

Vanquished Creatures (collateral kills)
  3 gnolls (D:4)
3 creatures vanquished.

Vanquished Creatures (others)
  A gnoll (D:4)
  6 plants (D:4)
7 creatures vanquished.

Grand Total: 48 creatures vanquished

Notes
Turn   | Place    | Note
-------+----------+-------------------------------------------
     0 | D:1      | M4edhros the Octopode Artificer began the quest for the
                  | Orb.
     0 | D:1      | Reached XP level 1. HP: 13/13 MP: 1/1
   347 | D:2      | Reached XP level 2. HP: 11/18 MP: 2/2
   641 | D:3      | Noticed Terence
   647 | D:3      | Killed Terence
   648 | D:3      | Reached skill level 1 in Short Blades
   648 | D:3      | Reached XP level 3. HP: 23/23 MP: 3/3
   937 | D:3      | Reached XP level 4. HP: 12/28 MP: 4/4
  1002 | D:4      | Noticed a scorpion
  1012 | D:4      | Killed a scorpion
  1013 | D:4      | Reached skill level 4 in Evocations
  1013 | D:4      | Reached XP level 5. HP: 22/34 MP: 5/5
  1027 | D:4      | Identified the +10 trident "Kakoungu" {elec, rC+++ Str-2
                  | Int+6}
  1037 | D:4      | Noticed crabbyslav's ghost (novice DrWr)
  1055 | D:4      | Found a snail-covered altar of Cheibriados.
  1087 | D:4      | Found a transporter.
  1089 | D:4      | Found a transporter.
  1100 | D:4      | Gained mutation: Your body sometimes deteriorates upon
                  | taking damage. [potion of mutation]
  1100 | D:4      | Gained mutation: One of your tentacles bears a spike.
                  | [potion of mutation]
  1100 | D:4      | Gained mutation: You are vulnerable to heat. (rF-) [potion
                  | of mutation]
  1101 | D:4      | Lost mutation: Your body sometimes deteriorates upon taking
                  | damage. [potion of mutation]
  1101 | D:4      | Lost mutation: One of your tentacles bears a spike. [potion
                  | of mutation]
  1101 | D:4      | Lost mutation: You are vulnerable to heat. (rF-) [potion of
                  | mutation]
  1101 | D:4      | Gained mutation: One of your tentacles bears a spike.
                  | [potion of mutation]
  1101 | D:4      | Gained mutation: You occasionally lose the ability to read
                  | scrolls when taking damage. [potion of mutation]
  1101 | D:4      | Gained mutation: You are vulnerable to heat. (rF-) [potion
                  | of mutation]
  1101 | D:4      | Gained mutation: One of your tentacles bears a nasty spike.
                  | [potion of mutation]
  1171 | D:4      | Mangled by a gnoll sergeant

Illustrated notes

Levels and vault maps discovered:
D:1:      ncdulo_lavacross, layout_basic
D:2:      layout_basic
D:3:      layout_basic, uniq_terence
D:4:      layout_loops_corners, kennysheep_slug_shrine,
          gammafunk_ghost_gnarly_gnolls, guppyfry_early_lair_pool

Skill      XL: |  1  2  3  4 |
---------------+-------------+-----
Short Blades   | 1 2 |  2.7
Stealth        | 2 3 |  3.3
Fighting       | 2 |  2.3
Dodging        | 3 |  3.2
Evocations     | 4 |  4.1
Unarmed Combat | |  0.8

Action                   |  1- 3 |  4- 6 || total
-------------------------+-------+-------++-------
Melee: Unarmed           |    21 |       ||    21
       Constrict         |    12 |     9 ||    21
       Tentacles         |     9 |     6 ||    15
       Punch             |     1 |     3 ||     4
       Dagger            |    35 |    27 ||    62
       Kick              |       |     7 ||     7
Evoke: Wand              |       |     9 ||     9
  Use: Potion            |     1 |     4 ||     5
       Scroll            |       |     5 ||     5
 Stab: Sleeping          |     7 |       ||     7
Armor: Skin              |     8 |     1 ||     9
Dodge: Dodged            |    33 |    16 ||    49

Table legend: (Time is in decaauts)
 A = Elapsed time spent in this place.
 B = Non-inter-level travel time spent in this place.
 C = Inter-level travel time spent in this place.
 D = Time resting spent in this place.
 E = Time spent auto-exploring this place.
 F = Levels seen in this place.
 G = Mean time per level.
                   A        B        C        D        E       F      G
               +--------+--------+--------+--------+--------+-----+--------+
         Total |   1163 |   1058 |    105 |      0 |    679 |   4 |  290.8 |
       Dungeon |   1163 |   1058 |    105 |      0 |    679 |   4 |  290.8 |
               +--------+--------+--------+--------+--------+-----+--------+

Top non-repeatable levels by time:
     D:2: 469 daAuts
     D:3: 300 daAuts
     D:4: 223 daAuts
     D:1: 170 daAuts
